 Dungeon Crawl Stone Soup version 0.26.1-11-gd32895ea62 (webtiles) character file.

Game seed: 17085076644397193428

303 DearestLeader the Grave Robber (level 6, -4/49 HPs)
             Began as a Deep Dwarf Necromancer on July 7, 2021.
             Was an Initiate of Makhleb.
             Slain by an ogre
             ... wielding a +0 giant spiked club
              (20 damage)
             ... on level 4 of the Dungeon on July 8, 2021.
             The game lasted 00:13:55 (3437 turns).

DearestLeader the Grave Robber (DDNe)               Turns: 3437, Time: 00:13:56

Health: -4/49      AC:  6    Str: 11    XL:     6   Next: 15%
Magic:  1/8        EV: 12    Int: 18    God:    Makhleb [......]
Gold:   219        SH:  5    Dex: 13    Spells: 3/8 levels left

rFire    . . .     SeeInvis .   w - +2 dagger (venom)
rCold    + . .     Faith    .   (no shield)
rNeg     . . .     Spirit   .   y - +1 robe {rC+}
rPois    .         Reflect  +   (no helmet)
rElec    .         Harm     .   (no cloak)
rCorr    .         Rampage  .   (no gloves)
Will     .....                  k - +2 pair of boots
Stlth    +++.......             d - amulet of reflection
HPRegen  0.00/turn              n - ring of stealth
MPRegen  0.11/turn              (no ring)

@: non-regenerating
A: damage resistance, heal wounds, sense surroundings 1, no regeneration
a: Heal Wounds, Renounce Religion


You were on level 4 of the Dungeon.
You worshipped Makhleb.
Makhleb was noncommittal.
You visited 1 branch of the dungeon, and saw 4 of its levels.

You collected 219 gold pieces.

Inventory:

Hand Weapons
 i - a +1 hand axe
 w - a +2 dagger of venom (weapon)
Missiles
 b - 7 javelins (quivered)
 t - 18 sling bullets
Armour
 a - a +0 robe
 k - a +2 pair of boots (worn)
 q - a +0 chain mail
 u - a +2 buckler of positive energy
 x - a +0 ring mail
 y - a +1 robe of cold resistance (worn)
Jewellery
 c - an uncursed ring of poison resistance {unknown}
 d - an amulet of reflection (around neck)
 l - an uncursed ring of flight {unknown}
 n - a ring of stealth (left hand)
 p - an uncursed ring of positive energy {unknown}
 z - an uncursed amulet of the acrobat {unknown}
Scrolls
 e - 4 scrolls of remove curse
 f - 4 scrolls of teleportation
 j - a scroll of random uselessness
 m - a scroll of enchant weapon
 r - a scroll of magic mapping {unknown}
 s - a scroll of identify
 v - a scroll of immolation {unknown}
Potions
 g - 2 potions of curing {unknown}
 h - 2 potions of might {unknown}
 o - a potion of haste {unknown}


   Skills:
 * Level 3.1 Axes
 - Level 2.1 Dodging
 - Level 2.4 Stealth
 * Level 3.1 Shields
 - Level 1.7 Spellcasting
 + Level 6.5 Necromancy


You had 3 spell levels left.
You knew the following spells:

 Your Spells              Type           Power        Failure   Level
a - Pain                  Necr           100%         1%          1
b - Animate Skeleton      Necr           50%          1%          1
c - Vampiric Draining     Necr           12%          3%          3

Your spell library contained the following spells:

 Spells                   Type           Power        Failure   Level
 Animate Dead             Necr           12%          12%         4
 Agony                    Necr           25%          34%         5


Dungeon Overview and Level Annotations

Branches:
Dungeon (4/15)
 Temple: D:4-7

Altars:
Cheibriados
Elyvilon
Kikubaaqudgha
Makhleb
Nemelex Xobeh
Xom
Zin


Innate Abilities, Weirdness & Mutations

You are resistant to damage.
You can heal yourself by infusing magical energy.
You passively map a small area around you.
You do not regenerate.


Message History

Aiming: Vampiric Draining (dangerous; 3% risk of failure)
Press: ? - help, Shift-Dir - straight line, f/p - ogre
Aim: an ogre, wielding a +0 giant spiked club (lightly wounded)
The ogre is heavily wounded.
You feel life coursing into your body.
The ogre hits you with a +0 giant spiked club!!
Casting: Vampiric Draining (dangerous; 3% risk of failure)
Confirm with . or Enter, or press ? or * to list all spells.
Aiming: Vampiric Draining (dangerous; 3% risk of failure)
Press: ? - help, Shift-Dir - straight line, f/p - ogre
Aim: an ogre, wielding a +0 giant spiked club (heavily wounded)
The ogre is heavily wounded.
You feel life coursing into your body.
You barely miss the ogre.
The ogre is heavily wounded.
The ogre hits you with a +0 giant spiked club!!
You closely miss the ogre.
The ogre is heavily wounded.
The ogre hits you with a +0 giant spiked club!!
You die...

* * , ** , #........
* , #........# ,
,,.. ,###.........
,..# *.#..=........
* ..###............?
#. ...#.#*..........
* #.. #...
#O.......# ##..
#..## #@.......#
#.....
##...####.......<
...
#.##..........####..
#..# #........######
,, * ..####...#.#.##
,, ...........#..# ,
* ...###...####... *
, * ..#......##
*###.** ,
.##.##.#..# .# ,


You could see an ogre.

Vanquished Creatures
  Sigmund (D:3)
  An iguana (D:4)
  2 adders
  2 worms (D:3)
  3 dart slugs (D:1)
  2 leopard geckos
  2 orcs (D:3)
  2 bats
  A giant cockroach (D:2)
  11 goblins
  8 hobgoblins
  6 jackals
  3 quokkas (D:3)
  5 frilled lizards
  11 kobolds
  19 rats
79 creatures vanquished.

Vanquished Creatures (collateral kills)
  A rat (D:1)
1 creature vanquished.

Grand Total: 80 creatures vanquished

Notes
Turn   | Place    | Note
-------+----------+-------------------------------------------
     0 | D:1      | DearestLeader the Deep Dwarf Necromancer began the quest
                  | for the Orb.
     0 | D:1      | Reached XP level 1. HP: 15/15 MP: 3/3
   227 | D:1      | Reached XP level 2. HP: 17/22 MP: 1/4
   280 | D:1      | Reached skill level 5 in Necromancy
   282 | D:1      | Learned a level 1 spell: Animate Skeleton
   697 | D:1      | Reached XP level 3. HP: 5/28 MP: 0/5
   701 | D:1      | Learned a level 3 spell: Vampiric Draining
  1905 | D:2      | Reached skill level 6 in Necromancy
  2352 | D:3      | Reached XP level 4. HP: 36/36 MP: 6/6
  2550 | D:3      | Found a burning altar of Makhleb.
  2550 | D:3      | Found a glowing silver altar of Zin.
  2551 | D:3      | Noticed an angel
  2551 | D:3      | Noticed an Executioner
  2576 | D:3      | Became a worshipper of Makhleb the Destroyer
  2604 | D:3      | Reached skill level 1 in Axes
  2765 | D:3      | Found a sparkling altar of Nemelex Xobeh.
  2765 | D:3      | Found a snail-covered altar of Cheibriados.
  3028 | D:3      | Found a white marble altar of Elyvilon.
  3031 | D:3      | Found an ancient bone altar of Kikubaaqudgha.
  3032 | D:3      | Noticed Sigmund
  3033 | D:3      | Found a shimmering altar of Xom.
  3066 | D:3      | Killed Sigmund
  3067 | D:3      | Reached XP level 5. HP: 35/42 MP: 3/7
  3069 | D:3      | Reached XP level 6. HP: 40/49 MP: 3/8
  3437 | D:4      | Slain by an ogre

Illustrated notes

Levels and vault maps discovered:
D:1:      matt_arrival_refuge, layout_rooms, minmay_tetromino_s4
D:2:      layout_rooms, minmay_rat_gold_closets
D:3:      layout_rooms, grunt_temple_overflow_order_and_chaos_2,
          grunt_temple_overflow_open, gammafunk_temple_overflow_statue,
          serial_curves, eino_curves_03, eino_curves_04, eino_curves_04,
          uniq_sigmund
D:4:      layout_rooms, chequers_ossuary_entry_cave, serial_shops, shop,
          mrwooster_statue_mirror

Skill      XL: |  1  2  3  4  5  6 |
---------------+-------------------+-----
Necromancy     | 5 6 |  6.5
Axes           | 3 |  3.1
Shields        | 2 3 |  3.1
Dodging        | |  2.1
Stealth        | |  2.4
Spellcasting   | |  1.7

Action                   |  1- 3 |  4- 6 || total
-------------------------+-------+-------++-------
Melee: Dagger            |    30 |    52 ||    82
       Hand axe          |    11 |    10 ||    21
Throw: Javelin           |     8 |       ||     8
 Cast: Pain              |    39 |     5 ||    44
       Animate Skeleton  |     2 |       ||     2
       Vampiric Draining |    18 |    13 ||    31
  Use: Scroll            |     3 |     1 ||     4
 Stab: Sleeping          |     8 |     5 ||    13
Armor: Robe              |     8 |    16 ||    24
Dodge: Dodged            |    52 |    28 ||    80
Block: Other             |     3 |    12 ||    15
       Reflection        |     1 |     1 ||     2
